AoeStats
← PiccoloIta

Oasis

510175008Analyzed
2v2 RM · 2d ago on Sep 29, 2026· 61m 46s· 4 players
Game mode
Random Map
Map size
Medium (4 player)
Population
200
Speed
Normal
Resources
Standard
Victory
Conquest
Starting age
Dark Age
Ending age
Imperial Age
RankedLock teamsTeams togetherTeam positionsShared explorationLock speedFull tech treeHidden civsTurbo modeCheats
Victory
Defeat
🇮🇹 Burgundians · Italy
1007
+13
🇹🇷 Hindustanis · Türkiye
950
+15
🇺🇸 Romans · United States
934
-14
🇺🇸 Italians · United States
928
-14
ugurcena91
0:36 Loom
14:18 Feudal Age
15:59 Wheelbarrow
15:12 Town Watch
15:46 Horse Collar
15:52 Double-Bit Axe
22:04 Castle Age
20:35 Fletching
20:38 Stone Mining
20:53 Gold Mining
21:26 Padded Archer Armor
25:35 Hand Cart
27:02 Heavy Plow
27:18 Bow Saw
28:06 Town Patrol
31:37 Bodkin Arrow
31:58 Leather Archer Armor
34:43 Imperial Age
32:41 Ballistics
33:06 Masonry
33:43 Gold Shaft Mining
33:15 Grand Trunk Road
35:44 Stone Shaft Mining
35:27 Shatagni
35:48 Conscription
36:38 Chemistry
35:42 Bracer
36:12 Ring Archer Armor
44:28 Two-Man Saw
PiccoloIta
9:51 Feudal Age
9:17 Double-Bit Axe
11:52 Horse Collar
21:53 Castle Age
20:09 Loom
20:18 Gold Mining
22:18 Scale Barding Armor
21:57 Cavalier
23:16 Forging
25:08 Iron Casting
26:15 Wheelbarrow
28:19 Crossbowman
32:53 Fletching
37:32 Imperial Age
36:36 Treadmill Crane
37:58 Padded Archer Armor
38:06 Paladin
39:56 Conscription
39:45 Husbandry
41:00 Elite Skirmisher
43:34 Chemistry
49:15 Leather Archer Armor
48:56 Bodkin Arrow
49:28 Heavy Plow
51:10 Light Cavalry
52:27 Chain Barding Armor
53:34 Gold Shaft Mining
53:52 Plate Barding Armor
55:58 Bracer
57:02 Blast Furnace
58:10 Burgundian Vineyards
Eaglian Slimes
4:50 Loom
11:50 Feudal Age
17:21 Castle Age
15:57 Scale Mail Armor
16:07 Forging
22:59 Iron Casting
22:14 Man-at-Arms
24:20 Double-Bit Axe
26:03 Squires
25:47 Pikeman
27:18 Squires
28:20 Chain Mail Armor
30:18 Fletching
31:54 Scale Barding Armor
31:14 Long Swordsman
33:42 Ballistics
38:46 Imperial Age
37:33 Masonry
guccicyberdragon
10:19 Feudal Age
14:11 Castle Age
11:59 Double-Bit Axe
13:16 Horse Collar
14:11 Fletching
16:23 Wheelbarrow
15:36 Loom
19:42 Town Watch
24:03 Bodkin Arrow
24:07 Gold Mining
24:20 Heavy Plow
30:35 Crossbowman
31:46 Ballistics
33:08 Wheelbarrow
33:21 Wheelbarrow
33:40 Padded Archer Armor
33:37 Murder Holes
39:12 Imperial Age
37:35 Squires
37:47 Forging
38:29 Scale Mail Armor
38:55 Hand Cart
39:07 Hand Cart
40:07 Chain Mail Armor
40:59 Chemistry
40:07 Thumb Ring
40:45 Conscription
40:35 Arbalester
45:34 Plate Mail Armor
46:36 Heavy Plow
48:41 Bracer
52:20 Iron Casting
52:40 Pikeman
54:23 Blast Furnace
56:35 Leather Archer Armor
57:33 Crop Rotation
57:48 Light Cavalry
58:39 Bloodlines
Connection lost

Rejoining the realm…

Still unreachable

The connection could not be restored.

Session expired

The server has moved on; the page needs a fresh start.